 Dungeon Crawl Stone Soup version 0.23.1 (webtiles) character file.

Game seed: 15120195303230104858

75313 ohad the Martial Artist (level 15, -28/192 HPs)
             Began as an Octopode Transmuter on Mar 2, 2019.
             Was an Initiate of Gozag.
             Annihilated by an enormous slime creature (41 damage)
             ... on level 15 of the Dungeon.
             The game lasted 01:22:36 (28059 turns).

ohad the Martial Artist (Octopode Transmuter)      Turns: 28059, Time: 01:22:36

Health: -28/192    AC: 26    Str: 21 (22) XL:     15   Next: 49%
Magic:  22/25      EV: 18    Int: 15 (18) God:    Gozag
Gold:   399        SH:  0    Dex: 10      Spells: 8/32 levels left

rFire    + . .     SeeInvis +     - Unarmed
rCold    . . .     Gourm    .   (no shield)
rNeg     + . .     Faith    .   (helmet restricted)
rPois    ∞         Spirit   .   q - amulet of regeneration
rElec    +         Reflect  .   s - ring of protection from magic
rCorr    .         Harm     .   v - ring of stealth
MR       +++..     Rnd*Rage +   Q - ring of flight
Stlth    ..........             N - ring of protection from fire
HPRegen  0.82/turn              O - ring of see invisible
MPRegen  0.19/turn              C - ring of the Scavenger {MR+ Str+5 Dex-2}
                                z - +3 ring of protection
                                (no ring)

@: berserking, statue-form, studying Dodging
A: almost no armour, stealthy swim, amphibious, 8 rings, constrict 8, camouflage
1, berserk 1, deterioration 2, dopey 1, low mp 1, subdued magic 1
a: End Transformation, Potion Petition, Call Merchant, Bribe Branch, Renounce
Religion, Evoke Flight


You were on level 15 of the Dungeon.
You worshipped Gozag.
Gozag was aware of your devotion.
You were not hungry.
You were a stone statue.
You visited 3 branches of the dungeon, and saw 22 of its levels.
You also visited: Gauntlet.

You collected 5562 gold pieces.
You spent 2325 gold pieces at shops.
You paid 2838 gold pieces to Gozag.

Inventory:

Hand Weapons
 u - a +0 blowgun
Missiles
 a - 348 arrows
 g - 45 poisoned needles
 x - 14 javelins of penetration
 D - 9 curare-tipped needles
 S - 5 javelins (quivered)
Armour
 F - a +0 buckler
 L - a +0 shield
 Z - a +0 large shield
Magical Staves
 t - an uncursed staff of fire {unknown}
 M - an uncursed staff of summoning {unknown}
 U - an uncursed staff of poison {unknown}
 Y - an uncursed staff of earth {unknown}
Jewellery
 q - an amulet of regeneration (around mantle)
 s - a ring of protection from magic (left tentacle)
 v - a ring of stealth (right tentacle)
 z - a +3 ring of protection (on tentacle)
 C - the ring of the Scavenger (on tentacle) {MR+ Str+5 Dex-2}
   (You found it in a Gauntlet)

   [ring of dexterity]

   It affects your strength (+5).
   It affects your dexterity (-2).
   It affects your resistance to hostile enchantments.
 N - a ring of protection from fire (on tentacle)
 O - a ring of see invisible (on tentacle)
 P - the ring of Zychaeh {Ice rN++ MR+ Str-3 Dex+2}
   (You acquired it on level 11 of the Dungeon)

   [ring of ice]

   It enhances your ice magic.
   It affects your strength (-3).
   It affects your dexterity (+2).
   It makes you vulnerable to fire.
   It protects you from cold.
   It greatly protects you from negative energy.
   It affects your resistance to hostile enchantments.
 Q - a ring of flight (on tentacle)
 V - the ring "Gicvuigide" {rElec rPois rC- Int+4 Slay+2, unknown}
   (You found it on level 15 of the Dungeon)

   [ring of slaying]

   It affects your intelligence (+4).
   It affects your accuracy and damage with ranged weapons and melee attacks
   (+2).
   It makes you vulnerable to cold.
   It insulates you from electricity.
   It protects you from poison.
Wands
 J - a wand of disintegration (16)
 R - a wand of iceblast (16)
Scrolls
 b - 4 scrolls of magic mapping
 f - 4 scrolls of remove curse
 i - a scroll of fog
 j - 8 scrolls of teleportation
 p - 4 scrolls of amnesia
 y - a scroll of torment
 G - a scroll of blinking
 I - 3 scrolls of identify
 W - a scroll of silence
Potions
 e - 3 potions of curing
 h - 4 potions of haste
 l - 2 potions of brilliance
 m - a potion of might
 n - 2 potions of cancellation
 o - 2 potions of ambrosia
 A - 2 potions of invisibility
 B - 2 potions of heal wounds
 E - 5 potions of lignification
 H - 2 potions of flight
 K - 3 potions of magic
Books
 w - a manual of Dodging
Miscellaneous
 d - a phantom mirror
 r - a sack of spiders
 T - a crystal ball of energy
 X - a fan of gales
Comestibles
 c - 11 rations


   Skills:
 - Level 8.0 Fighting
 - Level 12.5 Dodging
 - Level 7.3 Stealth
 + Level 1.0 Shields
 - Level 13.0 Unarmed Combat
 - Level 9.4 Spellcasting
 - Level 12.5 Transmutations
 - Level 3.4 Ice Magic
 - Level 10.4 Earth Magic


You had 8 spell levels left.
You knew the following spells:

 Your Spells              Type           Power        Failure   Level  Hunger
a - Beastly Appendage     Tmut           ####..       1%          1    None
b - Sticks to Snakes      Tmut           ####....     1%          2    None
c - Spider Form           Tmut/Pois      ###.......   1%          3    #......
d - Ice Form              Ice/Tmut       ###.....     2%          4    ###....
e - Blade Hands           Tmut           ####......   1%          5    #####..
f - Statue Form           Tmut/Erth      ####.....    12%         6    ######.
g - Ozocubu's Armour      Chrm/Ice       #.......     13%         3    #......

Your spell library contained the following spells:

 Spells                   Type           Power        Failure   Level  Hunger
 Freeze                   Ice            ##..         1%          1    None
 Petrify                  Tmut/Erth      ####....     1%          4    ###....
 Throw Frost              Conj/Ice       #.....       6%          2    None
 Animate Skeleton         Necr           N/A          9%          1    None
 Apportation              Tloc           #.....       9%          1    None
 Confusing Touch          Hex            #.....       9%          1    None
 Pain                     Necr           #...         9%          1    None
 Shock                    Conj/Air       #...         9%          1    None
 Summon Small Mammal      Summ           #...         9%          1    None
 Leda's Liquefaction      Hex/Erth       ###.......   10%         4    ###....
 Blink                    Tloc           N/A          13%         2    None
 Call Imp                 Summ           #.......     13%         2    None
 Swiftness                Chrm/Air       #.......     13%         2    None
 Yara's Violent Unravell  Hex/Tmut       ###.......   19%         5    #####..
 Confuse                  Hex            #.......     26%         3    #......
 Gell's Gravitas          Tloc           #.........   26%         3    #......
 Recall                   Summ/Tloc      N/A          26%         3    #......
 Regeneration             Chrm/Necr      #.........   26%         3    #......
 Static Discharge         Conj/Air       #.......     26%         3    #......
 Vampiric Draining        Necr           #.........   26%         3    #......
 Summon Ice Beast         Ice/Summ       #.......     41%         4    ###....
 Throw Icicle             Conj/Ice       #.......     41%         4    ###....
 Bolt of Magma            Conj/Fire/Erth ##........   52%         5    #####..
 Airstrike                Air            #.........   67%         4    ###....
 Animate Dead             Necr           N/A          67%         4    ###....
 Cause Fear               Hex            #.........   67%         4    ###....
 Metabolic Englaciation   Hex/Ice        #.........   77%         5    #####..
 Iron Shot                Conj/Erth      ###.......   86%         6    ######.
 Lightning Bolt           Conj/Air       #.........   95%         5    #####..
 Silence                  Hex/Air        #.........   95%         5    #####..
 Deflect Missiles         Chrm/Air       #.........   100%        6    ######.
 Haunt                    Necr/Summ      #.........   100%        7    #######
 Borgnjor's Revivificati  Necr           #.........   100%        8    #######
 Death's Door             Chrm/Necr      #.........   100%        8    #######
 Discord                  Hex            #.........   100%        8    #######
 Infestation              Necr           #.........   100%        8    #######
 Necromutation            Tmut/Necr      ###.......   100%        8    #######
 Dragon's Call            Summ           #.........   100%        9    #######
 Shatter                  Erth           ####......   100%        9    #######


Dungeon Overview and Level Annotations

Branches:
Dungeon (15/15)            Temple (1/1) D:6            Lair (6/6) D:11
  Swamp (0/4) Lair:2       Spider (0/4) Lair:4        Slime (0/5) Lair:6
    Orc (0/2) D:11         Vaults (0/5) D:13
 Depths: D:15

Altars:
Ashenzari
Cheibriados
Dithmenos
Fedhas
Gozag
Makhleb
Nemelex Xobeh
Okawaru
Qazlal
Vehumet
Wu Jian
Xom
The Shining One
Jiyva

Shops:
D:6 [   D:9 :   Lair:6 %:

Portals:
Trove: D:10 (give 15 potions of curing)

Annotations:
D:9 1 runed translucent door, Kairos's ghost, journeyman VSFi
Lair:1 1 runed translucent door
Lair:2 exclusion: 2 oklob plants


Innate Abilities, Weirdness & Mutations

You cannot wear most types of armour.
You are very stealthy in the water. (Stealth+)
You are amphibious.
You can wear up to eight rings at the same time.
You can use your tentacles to constrict eight enemies at once.
Your skin changes colour to match your surroundings (Stealth+).
((Your rubbery body absorbs attacks. (AC +1, EV +1)))
You tend to lose your temper in combat.
Your body often deteriorates upon taking damage.
You are dopey. (Int -2)
Your magical capacity is low. (-10% MP)
Your spells are a little easier to cast, but a little less powerful.


Message History

You bludgeon the very large slime creature!
The very large slime creature is almost dead.
Two slime creatures merge to form an enormous slime creature.
You batter the enormous slime creature!!
The enormous slime creature is almost dead.
The enormous slime creature hits you!!!
* * * LOW HITPOINT WARNING * * *
Your body deteriorates!
You feel weakened.
Unknown command.
You batter the enormous slime creature!!
The enormous slime creature is almost dead.
The enormous slime creature barely misses you.
Unknown command.
A red film seems to cover your vision as you go berserk!
You feel yourself moving faster!
You feel mighty! The enormous slime creature hits you!!
* * * LOW HITPOINT WARNING * * *
The enormous slime creature hits you!!!
You die...
Your body crumbles into a pile of gold.

## #.........$
... #..........
...####..........
#..........###.#
#..........# #
#..........#
#..........#
##.........#
.....#8######
##.#.#J# . . ..#
.... .....
#...... $ #..♣...
#.....♣.


You could see an enormous slime creature.

Vanquished Creatures
  Kirke (D:14)
  Louise (D:14)
  A minotaur (Gauntlet)
  5 vault guards (D:13)
  6 hydras
  3 centaur warriors
  5 two-headed ogres
  A merfolk avatar (Lair:6)
  A tengu warrior (Gauntlet)
  Nergalle (Lair:1)
  A wretched star (Gauntlet)
  2 unseen horrors (D:13)
  A sea snake (Lair:6)
  A wizard (D:13)
  Pikel (D:7)
  A deep elf archer (D:13)
  A lindwurm (Lair:5)
  2 harpies (Lair:6)
  A lindwurm (shapeshifter) (Gauntlet)
  An orc sorcerer (D:13)
  3 deep elf magi
  An ugly thing (D:11)
  2 manticores (Lair:6)
  A centaur zombie (D:12)
  6 elephants
  A cyclops (D:11)
  Joseph (D:7)
  2 black mambas
  3 orange demons
  17 spiny frogs
  A gargoyle (D:13)
  7 komodo dragons
  8 rime drakes
  A guardian mummy (D:10)
  2 red devils (D:10)
  3 tengu conjurers
  5 polar bears (Lair:6)
  4 trolls
  3 hornets
  A blink frog (shapeshifter) (D:12)
  3 blink frogs (Lair:4)
  A meliai zombie (D:11)
  2 bog bodies (Lair:2)
  12 slime creatures
  10 dream sheep
  10 hippogriffs
  59 yaks
  6 wyverns
  A tarantella (shapeshifter) (Gauntlet)
  A wraith (D:13)
  A human (D:13)
  3 vampires
  2 hungry ghosts
  6 hogs (D:14)
  2 neqoxecs (Gauntlet)
  2 basilisks
  2 chaos spawn (D:11)
  Eustachio (D:5)
  Menkaure (D:7)
  19 water moccasins
  8 porcupines
  2 slaves (D:7)
  A black bear (D:11)
  A sky beast (D:11)
  A hornet zombie (D:13)
  3 orc warriors
  5 ice beasts
  A phantom (D:6)
  11 ogres
  A necrophage (D:12)
  13 wolves
  10 centaurs
  14 crocodiles
  20 bullfrogs
  8 scorpions
  A wyvern skeleton (D:12)
  14 killer bees
  An electric eel (Lair:6)
  2 howler monkeys
  10 crimson imps
  2 bullfrog zombies
  9 jellies
  2 centaur skeletons
  7 hounds
  6 orc priests
  A bullfrog skeleton (D:10)
  3 iguanas
  7 orc wizards
  8 worker ants
  A hound zombie (D:5)
  2 river rats (D:5)
  12 adders
  5 shadow imps
  11 oozes
  2 adder zombies (D:6)
  3 worms
  3 dart slugs
  6 leopard geckos
  34 orcs
  8 giant cockroaches
  6 hobgoblins
  8 jackals
  7 kobolds
  2 quokkas
  A ball python (D:3)
  4 bats
  5 frilled lizards
  15 goblins
  A jackal skeleton (D:4)
  A quokka skeleton (D:4)
  4 rats
  A butterfly (Lair:3)
567 creatures vanquished.

Vanquished Creatures (collateral kills)
  Sonja (Lair:3)
  An orange demon (D:10)
  Grinder (D:4)
  A human (D:14)
  2 jackals (D:4)
6 creatures vanquished.

Vanquished Creatures (others)
  A slave (D:7)
  An orc wizard (D:10)
  A worker ant (D:7)
  An orc (D:7)
  17 fungi
  33 plants
  10 toadstools (Lair:1)
64 creatures vanquished.

Grand Total: 637 creatures vanquished

Notes
Turn   | Place    | Note
-------+----------+-------------------------------------------
     0 | D:1      | ohad the Octopode Transmuter began the quest for the Orb.
     0 | D:1      | Reached XP level 1. HP: 13/13 MP: 3/3
    50 | D:1      | Reached XP level 2. HP: 12/18 MP: 5/5
   147 | D:1      | Learned a level 2 spell: Sticks to Snakes
   883 | D:1      | Reached XP level 3. HP: 23/23 MP: 6/6
  1132 | D:2      | Learned a level 3 spell: Spider Form
  1427 | D:2      | Found a radiant altar of Vehumet.
  1681 | D:2      | Reached XP level 4. HP: 25/28 MP: 5/7
  2387 | D:3      | Noticed an ogre
  2402 | D:3      | Killed an ogre
  2402 | D:3      | Reached skill level 5 in Transmutations
  2402 | D:3      | Reached XP level 5. HP: 33/33 MP: 5/8
  2966 | D:4      | Reached XP level 6. HP: 25/38 MP: 5/9
  2981 | D:4      | Learned a level 4 spell: Ice Form
  3083 | D:4      | Noticed Grinder
  3093 | D:4      | Paralysed by Grinder for 5 turns
  3118 | D:4      | Killed Grinder
  3397 | D:4      | Reached XP level 7. HP: 35/43 MP: 7/11
  4322 | D:5      | Entered Level 5 of the Dungeon
  4363 | D:5      | Reached skill level 4 in Unarmed Combat
  4363 | D:5      | Reached XP level 8. HP: 38/48 MP: 7/15
  4373 | D:5      | Learned a level 5 spell: Blade Hands
  4398 | D:5      | Found a glowing drain.
  4490 | D:5      | Noticed Eustachio
  4525 | D:5      | Killed Eustachio
  4525 | D:5      | Reached skill level 5 in Unarmed Combat
  4784 | D:4      | Reached skill level 6 in Unarmed Combat
  5113 | D:5      | Found a sparkling altar of Nemelex Xobeh.
  5124 | D:5      | Reached skill level 7 in Unarmed Combat
  5208 | D:5      | Found a sparkling altar of Nemelex Xobeh.
  5296 | D:5      | Found a shimmering altar of Xom.
  5369 | D:5      | Found a glowing golden altar of the Shining One.
  5379 | D:5      | Found an opulent altar of Gozag.
  5379 | D:5      | Found a snail-covered altar of Cheibriados.
  5379 | D:5      | Found an ornate altar of the Wu Jian Council.
  5381 | D:5      | Found a shadowy altar of Dithmenos.
  5384 | D:5      | Became a worshipper of Gozag Ym Sagoz the Greedy
  5387 | D:5      | Found a blossoming altar of Fedhas.
  5388 | D:5      | Found a stormy altar of Qazlal.
  5551 | D:5      | Found a burning altar of Makhleb.
  5606 | D:6      | Reached skill level 8 in Unarmed Combat
  5606 | D:6      | Reached XP level 9. HP: 53/53 MP: 8/16
  5794 | D:6      | Found an iron altar of Okawaru.
  5976 | D:6      | Identified the +11 hand axe "Somynuog" {elec, +Fly rF++ rC-
                  | Str+2}
  6119 | D:6      | Found Sostayqu's Armour Shoppe.
  6308 | D:6      | Found a staircase to the Ecumenical Temple.
  6325 | Temple   | Entered the Ecumenical Temple
  6899 | D:7      | Reached skill level 5 in Dodging
  7179 | D:7      | Noticed Pikel
  7194 | D:7      | Killed Pikel
  7194 | D:7      | Reached skill level 5 in Fighting
  7282 | D:7      | Noticed Menkaure
  7287 | D:7      | Killed Menkaure
  7287 | D:7      | Reached XP level 10. HP: 65/68 MP: 13/17
  7436 | D:7      | Noticed Joseph
  7447 | D:7      | Killed Joseph
  8502 | D:8      | Reached skill level 9 in Unarmed Combat
  9311 | D:8      | Reached skill level 10 in Unarmed Combat
  9934 | D:9      | Found Pacuv's Book Shop.
  9971 | D:9      | Bought a book of the Earth for 780 gold pieces
  9986 | D:9      | Found a runed translucent door.
  9986 | D:9      | Noticed Kairos's ghost (journeyman VSFi)
 10052 | D:9      | Reached skill level 5 in Spellcasting
 10340 | D:9      | Reached XP level 11. HP: 72/72 MP: 17/20
 10384 | D:9      | Learned a level 6 spell: Statue Form
 10594 | D:9      | Found a shattered altar of Ashenzari.
 10778 | D:9      | Reached skill level 1 in Earth Magic
 10917 | D:9      | Found a viscous altar of Jiyva.
 10948 | D:10     | Entered Level 10 of the Dungeon
 11533 | D:10     | Noticed a two-headed ogre
 11548 | D:10     | Killed a two-headed ogre
 11548 | D:10     | Reached skill level 5 in Earth Magic
 12000 | D:10     | Found a portal to a secret trove of treasure.
 12862 | D:11     | Noticed a cyclops
 12870 | D:11     | Killed a cyclops
 12971 | D:11     | Found a shimmering altar of Xom.
 12972 | D:11     | Found the +7 mace of Variability {chain chaos}
 13698 | D:11     | Identified a scroll of acquirement
 13710 | D:11     | Got an ancient wooden ring
 13711 | D:11     | Identified the ring of Zychaeh {Ice rN++ MR+ Str-3 Dex+2}
                  | (You acquired it on level 11 of the Dungeon)
 13748 | D:11     | Found a staircase to the Lair.
 13748 | D:11     | Noticed a white ugly thing
 13757 | D:11     | Killed a white ugly thing
 13919 | D:11     | Reached XP level 12. HP: 79/79 MP: 17/21
 13934 | D:11     | Noticed a two-headed ogre
 13944 | D:11     | Killed a two-headed ogre
 14143 | D:11     | Found a staircase to the Orcish Mines.
 14225 | Lair:1   | Entered Level 1 of the Lair of Beasts
 14330 | Lair:1   | Noticed Nergalle
 14350 | Lair:1   | Killed Nergalle
 14920 | Lair:1   | Noticed an eight-headed hydra
 15097 | Lair:1   | Noticed a dire elephant
 15118 | Lair:1   | Found a runed translucent door.
 15197 | Lair:1   | Noticed a six-headed hydra
 15533 | Lair:1   | Killed a six-headed hydra
 15611 | Lair:1   | Killed an eight-headed hydra
 15611 | Lair:1   | Reached skill level 10 in Transmutations
 16830 | Lair:2   | Got a bloodstained hand axe
 17202 | Lair:2   | Found a staircase to the Swamp.
 17218 | Lair:2   | Reached XP level 13. HP: 83/83 MP: 20/23
 17876 | Lair:2   | Gained mutation: Your spells are a little easier to cast,
                  | but a little less powerful. [mutagenic glow]
 17927 | Lair:2   | Gained mutation: Your body sometimes deteriorates upon
                  | taking damage. [mutagenic glow]
 17965 | Lair:2   | Gained mutation: You tend to lose your temper in combat.
                  | [mutagenic glow]
 17986 | Lair:2   | Gained mutation: You are dopey. (Int -2) [mutagenic glow]
 18634 | Lair:3   | Noticed Sonja
 18659 | Lair:3   | Killed Sonja
 19381 | Lair:4   | Found a hole to the Spider Nest.
 19880 | Lair:4   | Learned a level 3 spell: Ozocubu's Armour
 20656 | Lair:5   | Reached skill level 10 in Earth Magic
 21438 | Lair:6   | Entered Level 6 of the Lair of Beasts
 21842 | Lair:6   | Reached XP level 14. HP: 42/90 MP: 22/27
 22219 | Lair:6   | Reached skill level 1 in Stealth
 22280 | Lair:6   | Reached skill level 11 in Unarmed Combat
 22473 | Lair:6   | Found a runed translucent door.
 22473 | Lair:6   | Found a viscous altar of Jiyva.
 22473 | Lair:6   | Found a staircase to the Slime Pits.
 22889 | Lair:6   | Got an ancient ivory amulet
 23702 | D:12     | Reached skill level 5 in Stealth
 23713 | D:12     | Reached skill level 12 in Unarmed Combat
 24017 | D:12     | Identified the amulet "Tasmot" {Harm *Drain rElec rF- MP+9
                  | SInv} (You found it on level 6 of the Lair of Beasts)
 24917 | D:13     | Reached XP level 15. HP: 68/99 MP: 18/28
 25477 | D:13     | Found a gate to the Vaults.
 25482 | D:13     | Reached skill level 13 in Unarmed Combat
 25926 | Lair:6   | Bought a manual of Dodging for 1435 gold pieces
 25928 | Lair:6   | Bought a ration for 55 gold pieces
 25928 | Lair:6   | Bought a ration for 55 gold pieces
 26066 | D:14     | Found a gate leading to a gauntlet.
 26071 | Gauntlet | Entered a Gauntlet
 26071 | Gauntlet | Found a transporter.
 26074 | Gauntlet | Found a large runed translucent door.
 26075 | Gauntlet | Found a large runed translucent door.
 26076 | Gauntlet | Found a large runed translucent door.
 26076 | Gauntlet | Found a large runed translucent door.
 26076 | Gauntlet | Found a runed translucent door.
 26076 | Gauntlet | Found a runed translucent door.
 26077 | Gauntlet | Found a large runed translucent door.
 26078 | Gauntlet | Found a large runed translucent door.
 26079 | Gauntlet | Found a large runed translucent door.
 26079 | Gauntlet | Found a large runed translucent door.
 26079 | Gauntlet | Found a large runed translucent door.
 26079 | Gauntlet | Found a large runed translucent door.
 26079 | Gauntlet | Found a large runed translucent door.
 26079 | Gauntlet | Found a large runed translucent door.
 26080 | Gauntlet | Found a large runed translucent door.
 26080 | Gauntlet | Found a large runed translucent door.
 26081 | Gauntlet | Found a large runed translucent door.
 26081 | Gauntlet | Found a large runed translucent door.
 26083 | Gauntlet | Found a transporter.
 26085 | Gauntlet | Found a transporter.
 26098 | Gauntlet | Found a runed translucent gate.
 26098 | Gauntlet | Found a runed translucent gate.
 26098 | Gauntlet | Found a runed translucent gate.
 26100 | Gauntlet | Found a transporter.
 26116 | Gauntlet | Found a transporter.
 26123 | Gauntlet | Found a transporter.
 26141 | Gauntlet | Found a transporter.
 26158 | Gauntlet | Found a transporter.
 26190 | Gauntlet | Found a transporter.
 26202 | Gauntlet | Found a transporter.
 26208 | Gauntlet | Found a transporter.
 26230 | Gauntlet | Found a transporter.
 26242 | Gauntlet | Found a transporter.
 26263 | Gauntlet | Found a transporter.
 26279 | Gauntlet | Found a transporter.
 26281 | Gauntlet | Found a transporter.
 26348 | Gauntlet | Found a transporter.
 26350 | Gauntlet | Found a transporter.
 26733 | Gauntlet | Gained mutation: Your body often deteriorates upon taking
                  | damage. [a neqoxec]
 26733 | Gauntlet | Gained mutation: Your magical capacity is low. (-10% MP) [a
                  | neqoxec]
 26740 | Gauntlet | Reached skill level 10 in Dodging
 26780 | Gauntlet | Got a shimmering tin ring
 26781 | Gauntlet | Identified the cursed ring of the Scavenger {MR+ Str+5
                  | Dex-2} (You found it in a Gauntlet)
 27025 | Gauntlet | Identified Maff's Collected Works on Illusion and the
                  | Compass
 27538 | D:14     | Noticed Kirke
 27546 | D:14     | Killed Kirke
 27663 | D:14     | Noticed Louise
 27669 | D:14     | Killed Louise
 28019 | D:15     | Entered Level 15 of the Dungeon
 28045 | D:15     | Got a brightly glowing pewter ring
 28050 | D:15     | Reached skill level 1 in Shields
 28059 | D:15     | Annihilated by an enormous slime creature

Skill      XL: |  1  2  3  4  5  6  7  8  9 10 11 12 13 14 15 |
---------------+----------------------------------------------+-----
Transmutations | 3 4 5 7 11 12 | 12.5
Ice Magic      | 3 |  3.4
Spellcasting   | 4 6 7 9 |  9.4
Unarmed Combat | 4 8 10 12 13 | 13.0
Dodging        | 5 7 9 12 | 12.5
Fighting       | 5 6 7 8 |  8.0
Earth Magic    | 7 9 10 | 10.4
Stealth        | 6 7 |  7.3
Shields        | 1 |  1.0

Action                   |  1- 3 |  4- 6 |  7- 9 | 10-12 | 13-15 || total
-------------------------+-------+-------+-------+-------+-------++-------
Melee: Unarmed           |    72 |    66 |   265 |   519 |   814 ||  1736
       Constrict         |    23 |     8 |    21 |    17 |    76 ||   145
       Tentacles         |    15 |     5 |    11 |    18 |   130 ||   179
       Kick              |     7 |     6 |       |       |       ||    13
       Punch             |     1 |     1 |     3 |     9 |    49 ||    63
       Dagger            |       |    24 |    48 |       |       ||    72
 Cast: Beastly Appendage |     8 |     1 |       |     1 |       ||    10
       Spider Form       |     1 |     6 |     6 |     2 |       ||    15
       Sticks to Snakes  |       |     4 |     4 |    34 |    18 ||    60
       Ice Form          |       |       |    19 |    47 |     1 ||    67
       Statue Form       |       |       |       |     8 |    81 ||    89
Invok: Potion Petition   |       |       |       |     2 |     1 ||     3
       Call Merchant     |       |       |       |       |     2 ||     2
 Abil: End Transformatio |       |       |       |     2 |     1 ||     3
  Use: Potion            |       |       |     1 |     9 |     1 ||    11
       Scroll            |       |       |    10 |    14 |    13 ||    37
 Stab: Sleeping          |     7 |     5 |     5 |     2 |    12 ||    31
       Distracted        |     1 |       |       |     2 |     5 ||     8
  Eat: Chunk             |     2 |     7 |     9 |       |     2 ||    20
       Ration            |       |       |     3 |    13 |    22 ||    38
Armor: Skin              |     5 |     6 |    65 |   153 |   581 ||   810
Dodge: Dodged            |    46 |    49 |   189 |   362 |   853 ||  1499
